 Dungeon Crawl Stone Soup version 0.25-a0-589-g1e14c549ee (webtiles) character file.

Game seed: 13606303653895686877, levelgen mode: deterministic

32 MisterFreud the Charmwright (level 3, -13/17 HPs)
             Began as a Felid Skald on Mar 9, 2020.
             Mangled by an ogre
             ... wielding a +0 giant club
              (30 damage)
             ... on level 2 of the Dungeon.
             The game lasted 00:03:26 (1466 turns).

MisterFreud the Charmwright (Felid Skald)           Turns: 1466, Time: 00:03:26

Health: -13/17     AC:  1    Str:  7    XL:     3   Next: 10%
Magic:  1/7        EV: 18    Int: 14    God:
Gold:   65         SH:  0    Dex: 16    Spells: 3/6 levels left
                                        Lives:  0   Deaths: 0

rFire    . . .     SeeInvis +     - Unarmed
rCold    . . .     Gourm    .   (shield unavailable)
rNeg     . . .     Faith    .   (armour unavailable)
rPois    .         Spirit   .   (helmet unavailable)
rElec    .         Reflect  .   (cloak unavailable)
rCorr    .         Harm     .   (gloves unavailable)
MR       .....                  (boots unavailable)
Stlth    ++........             (no amulet)
HPRegen  0.05/turn              a - ring of wizardry
MPRegen  0.10/turn              (no ring)

@: infused (expiring), quick
A: very small, no armour, no weapons or thrown items, stealth, claws 1, fangs 3,
see invisible, carnivore, speed 1, shaggy fur 1, slow metabolism 1, sharp paws
a: no special abilities


You were on level 2 of the Dungeon.
You were completely stuffed.

You visited 1 branch of the dungeon, and saw 2 of its levels.

You collected 65 gold pieces.

Inventory:

Jewellery
 a - a ring of wizardry (left paw)
Scrolls
 d - a scroll of immolation {unknown}
 e - a scroll of fog {unknown}
 g - a scroll of identify
 h - 2 scrolls of remove curse
Potions
 c - a potion of flight
Comestibles
 b - a ration
 f - a chunk of flesh


   Skills:
 * Level 3.6 Fighting
 - Level 3.2 Dodging
 - Level 2.0 Unarmed Combat
 - Level 2.0 Spellcasting
 - Level 3.6 Charms


You had 3 spell levels left.
You knew the following spells:

 Your Spells              Type           Power        Failure   Level  Hunger
a - Infusion              Chrm           ##..         2%          1    ##.....
b - Shroud of Golubria    Chrm/Tloc      #.....       7%          2    ###....

Your spell library contained the following spells:

 Spells                   Type           Power        Failure   Level  Hunger
 Song of Slaying          Chrm           ##......     3%          2    ###....
 Ozocubu's Armour         Chrm/Ice       #.......     14%         3    ####...
 Spectral Weapon          Hex/Chrm       Unusable     N/A         3    N/A

Dungeon Overview and Level Annotations

Branches:
Dungeon (2/15)

Altars:


Innate Abilities, Weirdness & Mutations

You cannot wear armour.
You are incapable of wielding weapons or throwing items.
Your paws allow you to move quietly. (Stealth)
You have sharp claws.
You have razor-sharp teeth.
You have supernaturally acute eyesight. (SInv)
You are carnivorous and can eat meat at any time.
You cover ground quickly.
You are covered in fur. (AC +1)
You have a slow metabolism.
Your sharp claws are effective at attacking unaware monsters.


Message History

You scratch the rat.
You kill the rat!
You scratch the ogre.
The ogre is lightly wounded.
The ogre completely misses you.
You scratch the ogre! You bite the ogre.
The ogre is heavily wounded.
The ogre misses you.
You completely miss the ogre.
The ogre is heavily wounded.
Your magical infusion is running out.
The ogre completely misses you.
You barely miss the ogre. You bite the ogre.
The ogre is heavily wounded.
You scratch the ogre but do no damage. You bite the ogre, but do no damage.
The ogre is heavily wounded.
Your shroud unravels.
The ogre hits you with a +0 giant club!!
Ouch! That really hurt!
You die...

#.......# #####..####.#
....)..# #.#
######.####.###### #.P#
#.....#.....# P..#
######.####.# ...# ##.#
#.# ♣..♣# ....# #.#
≈...###...### #@#
≈≈♣........# #O#
≈♣≈P.##....#####.######
≈.P.####<#....#.........
♣...# #....######. ♣..P#
#......## ....#
#.....!..# .♣..#
###.#.#.## ...## # ...##


You could see an ogre.

Vanquished Creatures
  A leopard gecko (D:1)
  2 giant cockroaches (D:1)
  6 goblins
  A hobgoblin (D:1)
  6 jackals (D:1)
  A quokka (D:2)
  A ball python (D:1)
  A bat (D:1)
  4 frilled lizards (D:1)
  6 rats
29 creatures vanquished.

Notes
Turn   | Place    | Note
-------+----------+-------------------------------------------
     0 | D:1      | MisterFreud the Felid Skald began the quest for the Orb.
     0 | D:1      | Reached XP level 1. HP: 9/9 MP: 4/4
   224 | D:1      | Reached XP level 2. HP: 8/13 MP: 0/6
   520 | D:1      | Learned a level 2 spell: Shroud of Golubria
  1278 | D:2      | Reached XP level 3. HP: 13/17 MP: 4/7
  1452 | D:2      | Noticed an ogre
  1466 | D:2      | Mangled by an ogre

Levels and vault maps discovered:
D:1:      dpeg_arrival_chase, layout_rooms
D:2:      layout_loops_ring, grunt_temple_overflow_open, first_ration,
          serial_bayou, serial_bayou_pond_a, serial_bayou_pond_d,
          serial_bayou_shore_a, serial_bayou_crossing, kennysheep_pointless_box,
          minivault_14

Skill      XL: |  1  2 |
---------------+-------+-----
Fighting       | 3 |  3.6
Dodging        | |  3.2
Unarmed Combat | |  2.0
Spellcasting   | |  2.0
Charms         | |  3.6

Action                   || total
-------------------------++-------
Melee: Unarmed           ||    73
       Bite              ||     6
 Cast: Infusion          ||    10
       Shroud of Golubri ||    10
  Use: Scroll            ||     6
 Stab: Sleeping          ||     1
  Eat: Chunk             ||     9
Armor: Skin              ||     4
Dodge: Dodged            ||    47

Table legend:
 A = Non-vault XP
 B = Vault XP
 C = Vault XP percentage of total XP
 D = Non-vault monster count
 E = Vault monster count
 F = Vault count percentage of total count
                 A         B        C        D         E       F
            +---------+---------+-------+---------+---------+-------
      Total |      47 |       0 |   0.0 |      29 |       0 |   0.0
            +---------+---------+-------+---------+---------+-------
        D:1 |      40 |       0 |   0.0 |      24 |       0 |   0.0
        D:2 |       7 |       0 |   0.0 |       5 |       0 |   0.0
            +---------+---------+-------+---------+---------+-------
